 Dungeon Crawl Stone Soup version 0.29-a0-1043-g569b05d6ff (webtiles) character file.

Game seed: 10099580711562111675

5434 greenreed the Basher (level 10, -1/88 HPs)
             Began as a Minotaur Monk on Aug 15, 2022.
             Was a High Priest of Okawaru.
             Slain by a boulder beetle (6 damage)
             ... on level 10 of the Dungeon.
             The game lasted 00:21:02 (9214 turns).

greenreed the Basher (Minotaur Monk)                Turns: 9214, Time: 00:21:02

Health: -1/88      AC:  8    Str: 30    XL:     10   Next: 41%
Magic:  4/11       EV: 17    Int:  7    God:    Okawaru [*****.]
Gold:   274        SH:  0    Dex: 13    Spells: 9/9 levels left

rFire   . . .      SeeInvis +   A - +1 whip (elec)
rCold   . . .      Faith    .   (no shield)
rNeg    . . .      Spirit   .   R - +3 robe of the Present {Rampage rPois Will+ rCorr}
rPois   +          Reflect  .   (helmet restricted)
rElec   .          Harm     .   (no cloak)
rCorr   +          Rampage  +   (no gloves)
Will    +....                   r - +0 pair of boots of Somewhere Else {Str+4 SInv}
Stlth   ++++......              p - amulet of regeneration
HPRegen 1.04/turn               i - +6 ring of strength
MPRegen 0.12/turn               T - ring of flight

@: heroic, finesse-ful, flying
A: horns 2, retaliatory headbutt
a: Renounce Religion, Heroism, Finesse, Duel


You were on level 10 of the Dungeon.
You worshipped Okawaru.
Okawaru was extremely pleased with you.
You visited 1 branch of the dungeon, and saw 10 of its levels.

You collected 501 gold pieces.
You spent 227 gold pieces at shops.

Inventory:

Hand Weapons
 a - a +0 mace
 z - a +0 flail
 A - a +1 whip of electrocution (weapon)
 E - a +2 whip of venom
 M - a +0 sling
 Q - a +2 shortbow of freezing
Missiles
 P - 14 poisoned darts (quivered)
Armour
 b - a +0 robe
 n - a +0 scale mail
 r - the +0 pair of boots of Somewhere Else (worn) {Str+4 SInv}
   (You found it on level 2 of the Dungeon)

   Str:       It affects your strength (+4).
   SInv:      It lets you see invisible.
 O - a +2 leather armour of poison resistance
 R - the +3 robe of the Present (worn) {Rampage rPois Will+ rCorr}
   (You found it on level 8 of the Dungeon)

   rPois:     It protects you from poison.
   rCorr:     It protects you from acid and corrosion.
   Rampage:   It bestows one free step when moving towards enemies.
   Will:      It increases your willpower.
Jewellery
 i - a +6 ring of strength (left hand)
 j - an amulet of magic regeneration
 p - an amulet of regeneration (around neck)
 I - a ring of ice
 N - a ring of fire
 T - a ring of flight (right hand)
 U - an amulet of reflection
 W - a ring of magical power
Wands
 s - a wand of mindburst (20)
 t - a wand of roots (25)
 H - a wand of polymorph (11)
Scrolls
 d - 6 scrolls of fear
 f - 2 scrolls of magic mapping
 k - 3 scrolls of enchant armour
 q - a scroll of summoning
 u - 3 scrolls of butterflies
 y - a scroll of silence {unknown}
 B - a scroll of blinking
 C - 2 scrolls of teleportation
 D - a scroll of poison
 F - 2 scrolls of torment {unknown}
 G - a scroll of enchant weapon {unknown}
 S - a scroll of vulnerability {unknown}
 V - a scroll of immolation {unknown}
Potions
 c - a potion of ambrosia
 e - a potion of mutation {unknown}
 g - 3 potions of resistance {unknown}
 h - 4 potions of flight
 l - a potion of invisibility {unknown}
 m - a potion of lignification {unknown}
 o - 5 potions of heal wounds {unknown}
 v - 2 potions of degeneration {unknown}
 w - a potion of haste
 x - 3 potions of might
 J - 2 potions of magic {unknown}
 K - 2 potions of curing {unknown}
 L - 2 potions of brilliance {unknown}


   Skills:
 + Level 7.9(12.9) Fighting
 + Level 10.9(15.9) Maces & Flails
 + Level 9.8(14.8) Armour
 + Level 6.9(11.9) Dodging
 + Level 4.8(9.8) Stealth
 * Level 2.8 Invocations


You had 9 spell levels left.
You didn't know any spells.
Your spell library contained the following spells:

 Spells                   Type           Power      Damage    Failure   Level
 Freeze                   Ice            0%         1d3       43%         1
 Magic Dart               Conj           0%         1d3       43%         1
 Sandblast                Erth           0%         2d4       43%         1
 Blink                    Tloc           0%         N/A       56%         2
 Ensorcelled Hibernation  Hex/Ice        0%         N/A       56%         2
 Passwall                 Tmut/Erth      0%         N/A       56%         2
 Scorch                   Fire           0%         2d5       56%         2
 Static Discharge         Conj/Air       0%         3-3/arc   56%         2
 Frozen Ramparts          Ice            0%         1d1       80%         3
 Lesser Beckoning         Tloc           0%         N/A       80%         3
 Mephitic Cloud           Conj/Pois/Air  0%         N/A       80%         3
 Stone Arrow              Conj/Erth      0%         3d7       80%         3
 Swiftness                Air            0%         N/A       80%         3
 Cause Fear               Hex            0%         N/A       99%         4
 Flame Wave               Conj/Fire      0%         2d4       99%         4
 Hailstorm                Conj/Ice       0%         3d3       99%         4
 Lightning Bolt           Conj/Air       0%         1d11      100%        5
 Manifold Assault         Tloc           0%         N/A       100%        5
 Dispersal                Tloc           0%         N/A       100%        6
 Dragon Form              Tmut           0%         N/A       100%        7
 Disjunction              Tloc           0%         N/A       100%        8
 Maxwell's Capacitive Co  Air            0%         ∞         100%        8
 Call Imp                 Summ           Unusable   N/A       N/A         2
 Summon Cactus Giant      Summ           Unusable   N/A       N/A         6
 Dragon's Call            Summ           Unusable   N/A       N/A         9

Dungeon Overview and Level Annotations

Branches:
Dungeon (10/15)            Temple (0/1) D:5
   Lair: D:8-11         Orc: D:9-12

Altars:
Dithmenos
Elyvilon
Gozag
Okawaru
Ru
Trog
Uskayaw
Wu Jian
Xom

Shops:
D:4 =

Annotations:
D:9 1 runed translucent door, wingedge's ghost, journeyman HuWn


Innate Abilities, Weirdness & Mutations

You have a pair of horns on your head.
You reflexively headbutt those who attack you in melee.


Message History

Found a stone staircase leading down.
You rampage towards the boulder beetle!
The boulder beetle curls into a ball and begins rolling!
You rampage towards the boulder beetle!
You hit the boulder beetle.
You headbutt the boulder beetle, but do no damage.
The boulder beetle is lightly wounded.
The boulder beetle hits you!!!
Ouch! That really hurt!
The boulder beetle stops rolling and uncurls.
You gain the combat prowess of a mighty hero.
The boulder beetle completely misses you.
You can now deal lightning-fast blows.
The boulder beetle bites you!
You barely miss the boulder beetle. You headbutt the boulder beetle!
The boulder beetle is lightly wounded.
You hit the boulder beetle.
You headbutt the boulder beetle, but do no damage.
The boulder beetle is lightly wounded.
The boulder beetle bites you!!
* * * LOW HITPOINT WARNING * * *
Char dumped successfully.
Char dumped successfully.
You have 274 gold pieces.
You possess the skills of a mighty hero.
Your blows are lightning fast.
You are flying.
Your flying speed is average.
Your attack delay is about 0.2 (and cannot be improved with additional weapon skill).
Your base attributes are Str 20, Int 7, Dex 13.
You whack the boulder beetle! You headbutt the boulder beetle.
The boulder beetle is moderately wounded.
You hit the boulder beetle but do no damage.
You headbutt the boulder beetle, but do no damage.
The boulder beetle is moderately wounded.
You whack the boulder beetle!
Lightning courses through the boulder beetle!
The boulder beetle is severely wounded.
You hit the boulder beetle but do no damage.
Lightning courses through the boulder beetle!
The boulder beetle is severely wounded.
The boulder beetle bites you.
You die...

#.........#...####
###.####
#.##########.##
#....... #.# #.#
#.#.#### #.# #.#
#.#.#
#.##########'##
#.#.#
#........^#...##
#.#..
###.###.##......##
#.###
#.#.###.##.......##
#.# ..
#...##.#....@....#
... ##
##.....'....B....+
...
#...####.........#
#.#..............##
#.#########.....##
# ##...## ## ##'##
.. #.# ## ..#


You could see a boulder beetle.

Vanquished Creatures
  A two-headed ogre (D:9)
  Pikel (D:4)
  Sigmund (D:5)
  Eustachio (D:4)
  A steam dragon (D:6)
  Edmund (D:6)
  Menkaure (D:4)
  2 sky beasts
  4 orc warriors
  2 ice beasts
  An ogre (D:6)
  4 centaurs
  A phantom (D:5)
  2 kobold brigands
  A gnoll sergeant (D:9)
  Blork the orc (D:6)
  2 scorpions (D:7)
  2 necrophages
  5 wights (D:8)
  19 killer bees
  3 howler monkeys
  4 hounds
  4 orc priests
  Crazy Yiuf (D:2)
  2 jellies
  3 iguanas
  7 orc wizards
  Robin (D:2)
  6 adders
  4 gnolls (D:9)
  A shadow imp (D:6)
  A white imp (D:7)
  A dart slug (D:2)
  20 orcs
  5 ball pythons
  6 bats
  8 endoplasms
  5 giant cockroaches
  10 hobgoblins
  9 jackals
  18 kobolds
  6 quokkas
  A frilled lizard (D:1)
  12 goblins
  2 rats (D:1)
193 creatures vanquished.

Notes
Turn   | Place    | Note
-------+----------+-------------------------------------------
     0 | D:1      | greenreed the Minotaur Monk began the quest for the Orb.
     0 | D:1      | Reached XP level 1. HP: 19/19 MP: 0/0
   300 | D:1      | Reached XP level 2. HP: 26/27 MP: 1/1
   609 | D:1      | Reached skill level 4 in Maces & Flails
   808 | D:1      | Found a faded altar of an unknown god.
   908 | D:2      | Reached XP level 3. HP: 13/33 MP: 2/2
  1295 | D:2      | Noticed Robin
  1628 | D:2      | Killed Robin
  1629 | D:2      | Reached XP level 4. HP: 41/41 MP: 3/3
  1864 | D:2      | Found a runed translucent door.
  1865 | D:2      | Noticed Crazy Yiuf
  1889 | D:2      | Identified the +0 pair of boots of Somewhere Else {Str+4
                  | SInv}
  2239 | D:2      | Killed Crazy Yiuf
  2240 | D:2      | Reached skill level 5 in Maces & Flails
  2240 | D:2      | Reached XP level 5. HP: 27/47 MP: 4/4
  2379 | D:3      | Found an iron altar of Okawaru.
  2448 | D:3      | Became a worshipper of Warmaster Okawaru
  2448 | D:3      | Reached * piety under Okawaru
  2448 | D:3      | Reached ** piety under Okawaru
  2861 | D:3      | Found a sacrificial altar of Ru.
  2988 | D:4      | Reached XP level 6. HP: 28/55 MP: 5/5
  3042 | D:4      | Found a shimmering altar of Xom.
  3044 | D:4      | Noticed Pikel
  3065 | D:4      | Killed Pikel
  3066 | D:4      | Reached skill level 5 in Fighting
  3066 | D:4      | Reached skill level 7 in Maces & Flails
  3066 | D:4      | Reached skill level 1 in Armour
  3066 | D:4      | Reached skill level 5 in Dodging
  3066 | D:4      | Reached XP level 7. HP: 17/61 MP: 3/6
  3198 | D:4      | Found Xiumadiv's Jewellery Emporium.
  3259 | D:4      | Noticed Menkaure
  3266 | D:4      | Killed Menkaure
  3294 | D:4      | Noticed Eustachio
  3307 | D:4      | Killed Eustachio
  3308 | D:4      | Reached XP level 8. HP: 70/70 MP: 4/7
  3345 | D:4      | Found an opulent altar of Gozag.
  3704 | D:5      | Entered Level 5 of the Dungeon
  4001 | D:5      | Reached *** piety under Okawaru
  4016 | D:5      | Found a staircase to the Ecumenical Temple.
  4054 | D:5      | Noticed Sigmund
  4060 | D:5      | Killed Sigmund
  4061 | D:5      | Reached skill level 8 in Maces & Flails
  4155 | D:5      | Found a shadowy altar of Dithmenos.
  4889 | D:6      | Noticed Blork the orc
  4899 | D:6      | Killed Blork the orc
  4946 | D:6      | Found an ornate altar of the Wu Jian Council.
  5062 | D:6      | Found a hide-covered altar of Uskayaw.
  5064 | D:6      | Noticed Edmund
  5085 | D:6      | Killed Edmund
  5086 | D:6      | Reached skill level 5 in Armour
  5086 | D:6      | Reached skill level 1 in Invocations
  5356 | D:6      | Reached XP level 9. HP: 32/78 MP: 9/9
  5516 | D:6      | Reached skill level 9 in Maces & Flails
  6336 | D:7      | Reached **** piety under Okawaru
  6527 | D:7      | Found a bloodstained altar of Trog.
  7168 | D:8      | Reached skill level 10 in Maces & Flails
  7323 | D:8      | Found a white marble altar of Elyvilon.
  7461 | D:8      | Reached XP level 10. HP: 85/86 MP: 10/10
  7534 | D:8      | Identified the +3 robe of the Present {Rampage rPois Will+
                  | rCorr}
  7987 | D:4      | Bought a ring of flight for 227 gold pieces
  8169 | D:9      | Reached ***** piety under Okawaru
  8369 | D:9      | Found a runed translucent door.
  8370 | D:9      | Found a shimmering altar of Xom.
  8370 | D:9      | Noticed wingedge's ghost (journeyman HuWn)
  8370 | D:9      | Noticed a +2 trident of chaos
  8475 | D:9      | Noticed a two-headed ogre
  8485 | D:9      | Killed a two-headed ogre
  8850 | D:10     | Entered Level 10 of the Dungeon
  8909 | D:10     | Noticed a death yak
  9121 | D:10     | Noticed a boulder beetle
  9210 | D:10     | HP: 4/88 [boulder beetle (25)]
  9214 | D:10     | Slain by a boulder beetle

Illustrated notes

Levels and vault maps discovered:
D:1:      dpeg_arrival_arbitrary_b, layout_basic,
          dreamdust_ecumenical_altar_grove
D:2:      layout_loops_ring, minmay_tiny_reverse_x, uniq_robin,
          uniq_crazy_yiuf_cottage
D:3:      layout_loops_ring, amcnicky_altar_gilded,
          mainiacjoe_overflow_brackets, due_unseen_surprise
D:4:      layout_basic, mainiacjoe_overflow_24_doors, xom_teletrap_fun,
          serial_shops, shop, uniq_menkaure, uniq_pikel, uniq_eustachio
D:5:      layout_basic, nicolae_dithmenos_the_darkroom,
          minmay_temple_entry_statues_fountains, minmay_misc_feat_room,
          reono_crystal_passage, uniq_sigmund
D:6:      layout_gridville, mainiacjoe_overflow_alcove_2, old_standard_altar,
          hangedman_decor_slide_cut, uniq_edmund, uniq_blork_the_orc
D:7:      layout_layer_cave, trog_butcher_becter, serial_rivers,
          chequers_serial_rivers_large_a, chequers_serial_rivers_room_b,
          chequers_serial_rivers_small_b, chequers_serial_rivers_room_b,
          chequers_serial_rivers_micro_d, chequers_serial_rivers_micro_b,
          st_stairs_3
D:8:      layout_loops_ring, elyvilon_altar_3
D:9:      layout_stronghold, ebering_ghost_xom
D:10:     layout_loops_corners, mainiacjoe_overflow_tiny_flanked,
          dpeg_lair_monsters

Skill      XL: |  1  2  3  4  5  6  7  8  9 |
---------------+----------------------------+-----
Fighting       | 4 5 6 7 |  7.9
Maces & Flails | 4 5 7 8 10 | 10.9
Dodging        | 4 5 6 |  6.9
Stealth        | 2 3 4 |  4.8
Armour         | 1 2 6 9 |  9.8
Invocations    | 1 2 |  2.8

Action                   |  1- 3 |  4- 6 |  7- 9 | 10-12 || total
-------------------------+-------+-------+-------+-------++-------
Melee: Mace              |    81 |    77 |       |       ||   158
       Headbutt          |     8 |    14 |    48 |    16 ||    86
       Punch             |       |     1 |     4 |     6 ||    11
       Flail             |       |    18 |     2 |       ||    20
       Whip              |       |       |   301 |    96 ||   397
Invok: Heroism           |       |     1 |     4 |     3 ||     8
       Finesse           |       |       |       |     1 ||     1
  Use: Scroll            |       |       |     9 |     1 ||    10
 Stab: Sleeping          |     2 |     8 |       |       ||    10
       Distracted        |       |       |     1 |       ||     1
Armor: Robe              |    10 |    19 |       |    13 ||    42
       Scale mail        |       |     4 |    69 |     6 ||    79
Dodge: Dodged            |    59 |    46 |   154 |    60 ||   319

Table legend: (Time is in decaauts)
 A = Elapsed time spent in this place.
 B = Non-inter-level travel time spent in this place.
 C = Inter-level travel time spent in this place.
 D = Time resting spent in this place.
 E = Time spent auto-exploring this place.
 F = Levels seen in this place.
 G = Mean time per level.
                   A        B        C        D        E       F      G
               +--------+--------+--------+--------+--------+-----+--------+
         Total |   9102 |   8585 |    517 |    231 |   7105 |  10 |  910.2 |
       Dungeon |   9102 |   8585 |    517 |    231 |   7105 |  10 |  910.2 |
               +--------+--------+--------+--------+--------+-----+--------+

Top non-repeatable levels by time:
     D:7: 1258 daAuts
     D:5: 1209 daAuts
     D:2: 1176 daAuts
     D:1: 1122 daAuts
     D:6: 894 daAuts
     D:9: 887 daAuts
     D:4: 807 daAuts
     D:8: 759 daAuts
     D:3: 633 daAuts
    D:10: 354 daAuts
